 Dungeon Crawl Stone Soup version 0.29.1-1-gd02db6906a (webtiles) character file.

Game seed: 497787135784521349

51 Ashen the Chiller (level 3, 0/26 HPs)
             Began as a Demonspawn Ice Elementalist on Sept 17, 2022.
             Slain by a gnoll
             ... wielding a +0 whip
              (7 damage)
             ... on level 1 of the Dungeon.
             The game lasted 00:03:19 (1913 turns).

Ashen the Chiller (Demonspawn Ice Elementalist)     Turns: 1913, Time: 00:03:20

Health: 0/26       AC:  2    Str:  8    XL:     3   Next: 58%
Magic:  1/6        EV: 12    Int: 18    God:
Gold:   15         SH:  0    Dex: 13    Spells: 0/6 levels left

rFire   . . .      SeeInvis .   d - +0 whip (flame)
rCold   . . .      Faith    .   (no shield)
rNeg    . . .      Spirit   .   a - +0 robe
rPois   .          Reflect  .   (no helmet)
rElec   .          Harm     .   (no cloak)
rCorr   .          Rampage  .   (no gloves)
Will    .....                   (no boots)
Stlth   ++........              (no amulet)
HPRegen 0.08/turn               (no ring)
MPRegen 0.10/turn               (no ring)

@: no status effects
A: demonic magic 1, demonic touch 1
a: no special abilities


You were on level 1 of the Dungeon.
You visited 1 branch of the dungeon, and saw 2 of its levels.

You collected 15 gold pieces.

Inventory:

Hand Weapons
 c - a +0 flail
 d - a +0 whip of flaming (weapon)
Armour
 a - a +0 robe (worn)
Scrolls
 e - a scroll of blinking {unknown}
 f - a scroll of identify {unknown}
 g - a scroll of vulnerability {unknown}
 h - a scroll of teleportation {unknown}
Potions
 b - a potion of magic


   Skills:
 + Level 1.2 Fighting
 + Level 2.2 Dodging
 + Level 2.2 Stealth
 + Level 2.4 Spellcasting
 + Level 3.9 Ice Magic


You couldn't memorise any spells.
You knew the following spells:

 Your Spells              Type           Power      Damage    Failure   Level
a - Freeze                Ice            64%        1d8       3%          1
b - Frozen Ramparts       Ice            32%        1d5       11%         3
c - Ensorcelled Hibernat  Hex/Ice        18%        N/A       12%         2

Your spell library contained the following spells:

 Spells                   Type           Power      Damage    Failure   Level
 Ozocubu's Armour         Ice            16%        N/A       11%         3
 Spider Form              Tmut/Pois      2%         N/A       45%         3
 Hailstorm                Conj/Ice       9%         3d4       61%         4
 Anguish                  Hex/Necr       1%         N/A       86%         4


Dungeon Overview and Level Annotations

Branches:
Dungeon (2/15)

Altars:


Innate Abilities, Weirdness & Mutations

Spells you cast may paralyse adjacent enemies.
Your touch may inflict minor irresistible damage on your foes.


Message History

Confirm with . or Enter, or press ? or * to list all spells.
Aiming: Freeze (safe; 3% risk of failure)
Press: ? - help, Shift-Dir - straight line, f - gnoll
Aim: a gnoll, wielding a +0 whip and quivering javelins You freeze the gnoll.
The gnoll is moderately wounded.
Malevolent energies surge around you.
The gnoll suddenly stops moving!
The gnoll hits you with a +0 club.
* * * LOW HITPOINT WARNING * * *
Casting: Freeze (safe; 3% risk of failure)
Confirm with . or Enter, or press ? or * to list all spells.
Aiming: Freeze (safe; 3% risk of failure)
Press: ? - help, Shift-Dir - straight line, f/p - gnoll
Aim: a gnoll, wielding a +0 whip and quivering javelins (moderately wounded, paralysed)
Okay, then.
Casting: Freeze (safe; 3% risk of failure)
Confirm with . or Enter, or press ? or * to list all spells.
Aiming: Freeze (safe; 3% risk of failure)
Press: ? - help, Shift-Dir - straight line, f - gnoll, p - gnoll
Aim: a gnoll, wielding a +0 club You freeze the gnoll.
The gnoll is heavily wounded.
Malevolent energies surge around you.
The gnoll suddenly stops moving!
The helpless gnoll fails to defend itself.
You hit the gnoll but do no damage.
The gnoll is heavily wounded.
The helpless gnoll fails to defend itself.
You hit the gnoll. You burn the gnoll.
The gnoll is severely wounded.
The gnoll is no longer paralysed.
The gnoll closely misses you.
Casting: Freeze (safe; 3% risk of failure)
Confirm with . or Enter, or press ? or * to list all spells.
Aiming: Freeze (safe; 3% risk of failure)
Press: ? - help, Shift-Dir - straight line, f/p - gnoll
Aim: a gnoll, wielding a +0 club (severely wounded)
You freeze the gnoll!
You kill the gnoll!
Malevolent energies surge around you.
The gnoll is no longer paralysed.
The gnoll hits you with a +0 whip!
You die...

##.†#.#>##..##...........# #.####
....##.###..†............###'####
##.##### ##.##...................
>### ###>...................
##.## #####.##...................
....###.##.......................
##..##>#<#..##...................
................)................
...............g@................
########################.........
#......... ##########


You could see a gnoll.

Vanquished Creatures
  2 gnolls
  An adder (D:2)
  6 ball pythons
  A bat (D:1)
  2 endoplasms (D:1)
  4 goblins (D:1)
  2 hobgoblins (D:1)
  3 jackals (D:1)
  2 quokkas
  A frilled lizard (D:1)
  3 kobolds
  6 rats (D:1)
33 creatures vanquished.

Notes
Turn   | Place    | Note
-------+----------+-------------------------------------------
     0 | D:1      | Ashen the Demonspawn Ice Elementalist began the quest for
                  | the Orb.
     0 | D:1      | Reached XP level 1. HP: 13/13 MP: 3/3
   272 | D:1      | Gained mutation: Spells you cast may paralyse adjacent
                  | enemies. [demonic ancestry]
   272 | D:1      | Reached XP level 2. HP: 20/20 MP: 1/5
  1189 | D:1      | Found a faded altar of an unknown god.
  1250 | D:1      | Reached skill level 1 in Fighting
  1521 | D:2      | Discovered your monstrous ancestry.
  1521 | D:2      | Gained mutation: Your touch may inflict minor irresistible
                  | damage on your foes. [demonic ancestry]
  1521 | D:2      | Reached XP level 3. HP: 25/26 MP: 3/6
  1576 | D:2      | Learned a level 3 spell: Frozen Ramparts
  1579 | D:2      | Learned a level 2 spell: Ensorcelled Hibernation
  1913 | D:1      | Slain by a gnoll

Illustrated notes

Levels and vault maps discovered:
D:1:      onia_arrival_handbag, layout_basic, basic_ecumenical_altar
D:2:      layout_basic, serial_shops, nicolae_shop_window_shopping, basic_altar,
          supply_closet_lemuel, uniq_jessica, uniq_terence

Skill      XL: |  1  2 |
---------------+-------+-----
Stealth        | 2 |  2.2
Dodging        | 2 |  2.2
Fighting       | 1 |  1.2
Spellcasting   | |  2.4
Ice Magic      | |  3.9

Action                   || total
-------------------------++-------
Melee: Flail             ||     4
       Unarmed           ||     2
       Whip              ||    38
       Touch             ||     1
 Cast: Freeze            ||    36
       Ensorcelled Hiber ||     1
 Stab: Paralysed         ||    15
       Distracted        ||     1
       Sleeping          ||     1
Armor: Robe              ||     9
Dodge: Dodged            ||    54
